 Dungeon Crawl Stone Soup version 0.29-a0-1014-ga8c0faee3b (webtiles) character file.

Game seed: 11178581851124372956

25050 Kinoniko the Fencer (level 12, -1/112 HPs)
             Began as a Green Draconian Berserker on Aug 9, 2022.
             Was a High Priest of Trog.
             Shot with an arrow by Nessos (4 damage)
             ... on level 4 of the Lair of Beasts.
             The game lasted 00:14:31 (12834 turns).

Kinoniko the Fencer (Green Draconian Berserker)    Turns: 12834, Time: 00:14:31

Health: -1/112     AC: 10    Str: 28    XL:     12   Next: 86%
Magic:  12/12      EV: 16    Int:  9    God:    Trog [*****.]
Gold:   694        SH:  0    Dex: 12    Spells: 11/11 levels left

rFire   . . .      SeeInvis .   g - +10 double sword of Courage {venom, rN+}
rCold   . . .      Faith    .   (no shield)
rNeg    + + .      Spirit   .   (body armour unavailable)
rPois   +          Reflect  .   (helmet restricted)
rElec   .          Harm     .   F - +1 cloak
rCorr   .          Rampage  .   (no gloves)
Will    .....                   (no boots)
Stlth   ..........              b - amulet of regeneration
HPRegen 1.08/turn               o - ring of positive energy
MPRegen 0.13/turn               y - +6 ring of strength

@: lethally poisoned (-1 -> -24), silenced
A: breathe noxious fumes, AC +8, unfitting armour, poison resistance,
cold-blooded
a: Breathe Noxious Fumes, Renounce Religion


You were on level 4 of the Lair of Beasts.
You worshipped Trog.
Trog was extremely pleased with you.
You visited 2 branches of the dungeon, and saw 14 of its levels.

You collected 748 gold pieces.
You spent 54 gold pieces at shops.

Inventory:

Hand Weapons
 a - a +0 falchion
 g - the +10 double sword of Courage (weapon) {venom, rN+}
   (You found it on level 2 of the Dungeon)

   It poisons the flesh of those it strikes.
   rN:        It protects you from negative energy.
 E - the +11 falchion "Iluhataoh" {vorpal, Fragile Fly Stlth+}
   (Trog gifted it to you on level 1 of the Lair of Beasts)

   It inflicts extra damage upon your enemies.
   Fly:       It grants you flight.
   Fragile:   It will be destroyed if unequipped.
   Stlth:     It makes you more stealthy.
Armour
 F - a +1 cloak (worn)
Jewellery
 b - an amulet of regeneration (around neck)
 c - a +6 ring of intelligence
 o - a ring of positive energy (left hand)
 y - a +6 ring of strength (right hand)
 z - the ring "Dirph" {Ice Drain rN++ rCorr Dex+4}
   (You took it off a wizard on level 7 of the Dungeon)

   [ring of ice]

   It enhances your ice magic.
   Dex:       It affects your dexterity (+4).
   rF:        It makes you vulnerable to fire.
   rC:        It protects you from cold.
   rN:        It greatly protects you from negative energy.
   rCorr:     It protects you from acid and corrosion.
   Drain:     It drains your maximum health when unequipped.
 D - a ring of protection from fire
 J - a +6 ring of strength
Wands
 m - a wand of acid (14)
 n - a wand of digging (5)
 v - a wand of iceblast (9)
 w - a wand of flame (9)
 C - a wand of paralysis (12)
 K - a wand of polymorph (7)
Scrolls
 f - 3 scrolls of identify
 h - 2 scrolls of immolation
 q - 2 scrolls of brand weapon
 r - 2 scrolls of teleportation
Potions
 d - 3 potions of ambrosia
 e - 3 potions of lignification
 i - 3 potions of flight {unknown}
 j - 4 potions of heal wounds
 k - a potion of cancellation {unknown}
 l - a potion of mutation {unknown}
 p - 2 potions of attraction {unknown}
 s - 2 potions of might {unknown}
 t - 3 potions of curing {unknown}
 x - 4 potions of haste
 A - 2 potions of experience {unknown}
 B - a potion of magic {unknown}
 H - 2 potions of berserk rage {unknown}
 I - 2 potions of invisibility {unknown}
Miscellaneous
 G - a condenser vane


   Skills:
 + Level 11.8 Fighting
 * Level 16.0 Long Blades
 + Level 10.7 Dodging


You had 11 spell levels left.
You didn't know any spells.
Your spell library was empty.

Dungeon Overview and Level Annotations

Branches:
Dungeon (10/15)            Temple (0/1) D:4            Lair (4/5) D:10
  Swamp (0/4) Lair:3       Spider (0/4) Lair:3
  Slime: Lair:4-5       Orc: D:9-12

Altars:
Cheibriados
Elyvilon
Fedhas
Nemelex Xobeh

Shops:
D:2 *   D:4 *   D:7 :   D:10 ?[[(

Annotations:
Lair:1 3 runed translucent doors, Ymeid's ghost, journeyman GrFi
Lair:4 Nessos


Innate Abilities, Weirdness & Mutations

You can breathe blasts of noxious fumes.
Your lurid green scales are hard. (AC +8)
You cannot fit into any form of body armour.
Your system is resistant to poisons. (rPois)
You are cold-blooded and may be slowed by cold attacks.


Message History

HP restored.
You start waiting.
You feel yourself speed up.
You see here a blink frog corpse.
You recover from your berserk rage.
J - a +6 ring of strength
Found a mace.
You now have 694 gold pieces (gained 15).
A - 2 lumpy emerald potions (gained 1)
Found a stone staircase leading down.
Found a pair of boots.
Nessos the Markscentaur comes into view.
Found a robe.
Nessos shouts!
Nessos wields a +2 longbow of flaming.
It bursts into flame!
Nessos shoots an arrow.
The arrow hits you! The arrow burns you.
Nessos shoots an arrow.
The arrow closely misses you.
Nessos shoots an arrow.
The arrow hits you! The arrow burns you.
Nessos gestures wildly while chanting.
Nessos seems to speed up.
Nessos shoots an arrow.
The arrow hits you!! The arrow burns you.
Nessos shoots an arrow.
The arrow closely misses you.
You are too injured to fight recklessly!
You are too injured to fight recklessly!
Unknown command.
As you read the scroll of silence, it crumbles to dust.
A profound silence engulfs you.
Nessos shoots an arrow.
The arrow hits you! The arrow burns you.
Nessos shoots an arrow.
The arrow hits you. The arrow burns you.
You are poisoned.
You feel very sick.
Nessos shoots an arrow.
The arrow hits you!
* * * LOW HITPOINT WARNING * * *
The arrow burns you.
You are lethally poisoned!
* * * LOW HITPOINT WARNING * * *
Nessos shoots an arrow.
The arrow hits you!
* * * LOW HITPOINT WARNING * * *
The arrow burns you.
You die...

....................
P.......................
....#..............[....
...............>........
........................
........................
........................
...............$........
................@.......
...................c....
........................
..).....................
........................
..................[.....
.....................
..................


You could see Nessos (fast).

Vanquished Creatures
  A hydra (Lair:1)
  A two-headed ogre (D:10)
  Amaemon (D:10)
  A wizard (D:7)
  Pikel (D:5)
  A will-o-the-wisp (Lair:3)
  5 elephants (Lair:4)
  A gargoyle (D:10)
  2 orange demons
  A torpor snail (Lair:1)
  A black mamba (Lair:3)
  An unseen horror (D:10)
  6 cane toads
  A rime drake (Lair:1)
  A kobold demonologist (D:7)
  4 hellwings (D:9)
  4 komodo dragons
  2 trolls (D:9)
  2 polar bears
  5 blink frogs (Lair:4)
  A hornet (D:9)
  Sigmund (D:2)
  A ynoxinul (D:9)
  A basilisk (D:10)
  3 wyverns
  12 yaks
  Grum (D:9)
  3 chaos spawn (D:9)
  2 redbacks (Lair:3)
  Duvessa (D:4)
  10 water moccasins
  3 sky beasts
  4 orc warriors (D:7)
  2 black bears
  An ice beast (D:6)
  13 wolves
  2 ogres
  4 centaurs
  3 phantoms
  A lemure (D:5)
  9 bullfrogs
  Blork the orc (D:4)
  4 kobold brigands
  A necrophage (D:7)
  3 scorpions
  21 wights
  Dowan (D:4)
  29 killer bees (Lair:1)
  5 howler monkeys
  An electric eel (Lair:1)
  3 quasits (D:9)
  6 orc priests
  2 hounds
  2 jellies
  4 iguanas
  8 orc wizards
  Robin (D:4)
  4 gnolls (D:6)
  3 adders
  2 shadow imps (D:7)
  13 white imps
  4 ufetubi
  A worm (D:2)
  6 dart slugs
  38 orcs
  4 bats
  7 endoplasms
  4 giant cockroaches
  11 goblins
  13 hobgoblins
  5 jackals
  4 quokkas
  7 ball pythons
  2 frilled lizards (D:1)
  12 kobolds
  8 rats
360 creatures vanquished.

Vanquished Creatures (collateral kills)
  A cane toad (Lair:1)
  2 killer bees (Lair:1)
3 creatures vanquished.

Vanquished Creatures (others)
  8 demonic plants (D:9)
  7 foxfires (Lair:3)
  8 fungi
  25 plants
48 creatures vanquished.

Grand Total: 411 creatures vanquished

Notes
Turn   | Place    | Note
-------+----------+-------------------------------------------
     0 | D:1      | Kinoniko the Draconian Berserker began the quest for the
                  | Orb.
     0 | D:1      | Reached XP level 1. HP: 19/19 MP: 1/1
    50 | D:1      | Reached XP level 2. HP: 18/26 MP: 2/2
   407 | D:1      | Reached skill level 4 in Long Blades
   466 | D:1      | Reached XP level 3. HP: 31/31 MP: 3/3
   469 | D:1      | Reached ** piety under Trog
   973 | D:1      | Found a faded altar of an unknown god.
  1067 | D:2      | Identified the +10 double sword of Courage {venom, rN+}
  1094 | D:2      | Reached XP level 4. HP: 38/38 MP: 4/4
  1131 | D:2      | Found Kixzebun's Assorted Antiques.
  1495 | D:2      | Noticed Sigmund
  1500 | D:2      | Killed Sigmund
  1501 | D:2      | Reached skill level 5 in Long Blades
  1501 | D:2      | Reached XP level 5. HP: 45/45 MP: 5/5
  2152 | D:3      | Reached skill level 6 in Long Blades
  2269 | D:3      | Reached XP level 6. HP: 51/51 MP: 6/6
  2739 | D:3      | Identified the +1 plate armour of Jona Fio {Will+ Str+2
                  | Slay-4}
  2881 | D:4      | Noticed Robin
  2883 | D:4      | Noticed Dowan
  2886 | D:4      | Noticed Duvessa
  2891 | D:4      | Killed Dowan
  2902 | D:4      | Killed Duvessa
  3174 | D:4      | Reached skill level 7 in Long Blades
  3174 | D:4      | Your scales start taking on a lurid green colour.
  3174 | D:4      | Reached XP level 7. HP: 42/57 MP: 7/7
  3174 | D:4      | Gained mutation: Your system is resistant to poisons.
                  | (rPois) [Green Draconian growth]
  3177 | D:4      | Killed Robin
  3266 | D:4      | Reached *** piety under Trog
  3426 | D:4      | Found a staircase to the Ecumenical Temple.
  3485 | D:4      | Noticed Blork the orc
  3494 | D:4      | Killed Blork the orc
  3614 | D:4      | Found Kumuappo's Neck Hole.
  3750 | D:5      | Entered Level 5 of the Dungeon
  3773 | D:5      | Noticed Pikel
  3780 | D:5      | Killed Pikel
  3781 | D:5      | Reached skill level 8 in Long Blades
  3781 | D:5      | Reached skill level 5 in Dodging
  3781 | D:5      | Reached XP level 8. HP: 67/67 MP: 8/8
  4225 | D:5      | Found a blossoming altar of Fedhas.
  4228 | D:5      | Found a white marble altar of Elyvilon.
  4374 | D:5      | Reached skill level 5 in Fighting
  4501 | D:6      | Reached skill level 9 in Long Blades
  4956 | D:6      | Reached XP level 9. HP: 75/75 MP: 9/9
  5438 | D:7      | You fall into a shaft and drop 1 floor!
  5493 | D:8      | Reached skill level 10 in Long Blades
  5710 | D:8      | Reached **** piety under Trog
  6889 | D:7      | Reached skill level 11 in Long Blades
  6930 | D:7      | Found Hanavud's Book Boutique.
  7361 | D:7      | Reached XP level 10. HP: 86/86 MP: 10/10
  7659 | D:7      | Identified the ring "Dirph" {Ice Drain rN++ rCorr Dex+4}
  7659 | D:7      | Noticed a wizard
  7667 | D:7      | Killed a wizard
  7668 | D:7      | Reached skill level 12 in Long Blades
  8051 | D:9      | Reached ***** piety under Trog
  8060 | D:9      | Reached XP level 11. HP: 64/97 MP: 11/11
  8113 | D:9      | Noticed Grum
  8130 | D:9      | Killed Grum
  8148 | D:9      | Reached skill level 13 in Long Blades
  8567 | D:10     | Entered Level 10 of the Dungeon
  8612 | D:10     | Found a staircase to the Lair.
  8902 | D:10     | Noticed Amaemon
  8911 | D:10     | Killed Amaemon
  8956 | D:10     | Noticed a two-headed ogre
  8957 | D:10     | Found a snail-covered altar of Cheibriados.
  8960 | D:10     | Found a sparkling altar of Nemelex Xobeh.
  8963 | D:10     | Killed a two-headed ogre
  9074 | D:10     | Found Vuklush's Armour Boutique.
  9074 | D:10     | Found Raneow's Antique Weapon Boutique.
  9078 | D:10     | Found Oliqyurr's Antique Armour Boutique.
  9081 | D:10     | Bought a +0 cloak for 54 gold pieces
  9089 | D:10     | Found Laaxt's Magic Scroll Boutique.
  9108 | D:10     | Reached skill level 10 in Fighting
  9785 | Lair:1   | Entered Level 1 of the Lair of Beasts
  9786 | Lair:1   | Found a frozen archway.
  9788 | Lair:1   | Noticed a six-headed hydra
  9790 | Lair:1   | Found a runed translucent gate.
  9790 | Lair:1   | Found a runed translucent gate.
  9800 | Lair:1   | Killed an eight-headed hydra
  9801 | Lair:1   | Reached skill level 14 in Long Blades
  9847 | Lair:1   | Found a runed translucent gate.
  9849 | Lair:1   | Noticed Ymeid's ghost (journeyman GrFi)
  9849 | Lair:1   | Noticed an 11-headed hydra
  9850 | Lair:1   | Noticed a 12-headed hydra
  9892 | Lair:1   | Identified the +9 spear of Gehenna {distort, rF+ rN+}
 10224 | Lair:1   | Identified the +11 falchion "Iluhataoh" {vorpal, Fragile
                  | Fly Stlth+} (Trog gifted it to you on level 1 of the Lair
                  | of Beasts)
 10224 | Lair:1   | Received a gift from Trog
 10243 | Lair:1   | Reached XP level 12. HP: 107/107 MP: 12/12
 11312 | Lair:2   | Reached skill level 10 in Dodging
 11316 | Lair:2   | Reached skill level 15 in Long Blades
 11822 | Lair:3   | Found a hole to the Spider Nest.
 11981 | Lair:3   | Found a staircase to the Swamp.
 12746 | Lair:4   | Reached skill level 16 in Long Blades
 12829 | Lair:4   | Noticed Nessos
 12834 | Lair:4   | HP: 3/112 [Nessos/arrow (13)]
 12834 | Lair:4   | Shot with an arrow by Nessos

Illustrated notes

Levels and vault maps discovered:
D:1:      reono_arrival_mine, layout_rooms,
          hellmonk_ecumenical_altar_defaced_shrine
D:2:      wander_river, layout_basic, serial_shops, nicolae_lakefront_shop,
          uniq_sigmund
D:3:      layout_basic, kennysheep_another_room
D:4:      layout_basic, minmay_temple_entry_waves,
          nicolae_shop_sticking_my_neck_out, uniq_blork_the_orc, uniq_robin,
          uniq_duvessa
D:5:      layout_cave_pools, minitemple, chequers_serial_rivers_small_a,
          hangedman_decor_growths, uniq_pikel
D:6:      layout_basic
D:7:      nzn_winding_woodlands_stair_cross [nzn_winding_woodlands_5x15_default,
          nzn_winding_woodlands_center_pierced_h,
          nzn_winding_woodlands_5x15_parted, nzn_winding_woodlands_5x5_cross,
          nzn_winding_woodlands_hourglass,
          nzn_winding_woodlands_5x15_sidewinder,
          nzn_winding_woodlands_center_diamonds,
          nzn_winding_woodlands_5x15_longhouse], layout_basic, serial_shops,
          shop
D:8:      layout_layer_cave
D:9:      layout_big_octagon, serial_demonic, serial_demonic_g,
          serial_demonic_c, serial_demonic_d, serial_demonic_c,
          serial_demonic_c, uniq_grum
D:10:     layout_stronghold, chequers_temple_overflow_statue_of_worship,
          david_lair_generic, minmay_shop_grid_forest,
          kennysheep_generic_room_5, uniq_amaemon
Lair:1:   wad_woods_minihive, layout_regular_city, portal_ice_cave_entry_imps,
          gammafunk_ghost_hydra_chop, serial_bayou_lagoon_b,
          serial_bayou_shore_a
Lair:2:   layout_cave_pods
Lair:3:   layout_roguey, minmay_swamp_entry_wisps, spider_nest_entry_a,
          serial_bayou_pond_c, hibernation_bobbens
Lair:4:   minmay_guarded_unrand_snakebite, layout_cave_shapes,
          eino_house_with_fridge, grunt_megastairs_1, uniq_nessos

Skill      XL: |  1  2  3  4  5  6  7  8  9 10 11 12 |
---------------+-------------------------------------+-----
Long Blades    | 4 5 6 7 8 9 11 12 14 16 | 16.0
Dodging        | 3 4 5 6 7 8 9 10 | 10.7
Fighting       | 4 5 7 9 10 11 | 11.8

Action                   |  1- 3 |  4- 6 |  7- 9 | 10-12 || total
-------------------------+-------+-------+-------+-------++-------
Melee: Falchion          |   109 |       |       |       ||   109
       Tailslap          |    15 |     2 |    17 |    67 ||   101
       Double sword      |     2 |    78 |   213 |   542 ||   835
       Punch             |       |     1 |       |     8 ||     9
Invok: Berserk           |     1 |     3 |     6 |    15 ||    25
       Trog's Hand       |       |     1 |       |     2 ||     3
 Abil: Breathe Noxious F |       |       |     3 |     1 ||     4
  Use: Scroll            |       |     7 |     4 |    14 ||    25
 Stab: Sleeping          |     1 |     2 |     1 |       ||     4
       Confused          |       |       |     1 |       ||     1
Armor: Skin              |    36 |    40 |    61 |   137 ||   274
Dodge: Dodged            |    66 |    57 |   123 |   500 ||   746

Table legend: (Time is in decaauts)
 A = Elapsed time spent in this place.
 B = Non-inter-level travel time spent in this place.
 C = Inter-level travel time spent in this place.
 D = Time resting spent in this place.
 E = Time spent auto-exploring this place.
 F = Levels seen in this place.
 G = Mean time per level.
                   A        B        C        D        E       F      G
               +--------+--------+--------+--------+--------+-----+--------+
         Total |  13007 |  12574 |    433 |    995 |   9646 |  14 |  929.1 |
       Dungeon |   9956 |   9608 |    348 |    669 |   7519 |  10 |  995.6 |
          Lair |   3051 |   2967 |     84 |    326 |   2126 |   4 |  762.8 |
               +--------+--------+--------+--------+--------+-----+--------+

Top non-repeatable levels by time:
     D:7: 1459 daAuts
     D:3: 1289 daAuts
  Lair:1: 1266 daAuts
    D:10: 1237 daAuts
     D:8: 1218 daAuts
     D:1: 1014 daAuts
     D:4: 839 daAuts
     D:2: 838 daAuts
     D:6: 782 daAuts
  Lair:2: 739 daAuts
  Lair:3: 729 daAuts
     D:9: 679 daAuts
     D:5: 597 daAuts
  Lair:4: 316 daAuts
